 Dungeon Crawl Stone Soup version 0.16.1-4-g8e1b745 (console) character file.

213 gw the Ducker (level 5, 0/31 HPs)
             Began as a Deep Elf Artificer on Mar 27, 2015.
             Was an Initiate of Okawaru.
             Succumbed to a worker ant's poison
             ... on level 4 of the Dungeon.
             The game lasted 00:05:01 (4343 turns).

gw the Ducker (Deep Elf Artificer)                  Turns: 4343, Time: 00:05:01

Health: 0/31       AC:  6    Str:  8    XL:     5   Next: 59%
Magic:  12/12      EV: 12    Int: 17    God:    Okawaru [......]
Gold:   116        SH:  0    Dex: 16    Spells: 0 memorised, 4 levels left

rFire  + . .     SeeInvis .     a - +0 short sword
rCold  . . .     Clarity  .     g - +0 ring mail
rNeg   . . .     SustAb   .     (no shield)
rPois  .         Gourm    .     (no helmet)
rElec  .         Spirit   .     (no cloak)
rCorr  .         Warding  .     j - +0 pair of gloves
rMut   +         Stasis   .     (no boots)
MR     .....                    e - amulet of resist mutation
Stlth  +.........               (no ring)
                                t - ring of protection from fire

@: lethally poisoned (0 -> -3), not resistant to hostile enchantments, very
unstealthy
A: no striking features
a: Renounce Religion


You were on level 4 of the Dungeon.
You worshipped Okawaru.
Okawaru was noncommittal.
You were not hungry.

You visited 1 branch of the dungeon, and saw 4 of its levels.

You collected 116 gold pieces.

Inventory:

Hand weapons
 a - a +0 short sword (weapon)
Missiles
 p - 7 arrows
Armour
 g - a +0 ring mail (worn)
 j - a +0 pair of gloves (worn)
Jewellery
 e - an amulet of resist mutation (around neck)
 t - a ring of protection from fire (left hand)
Magical devices
 b - a wand of flame (10)
 c - a wand of enslavement (10)
 d - a wand of random effects (10)
Scrolls
 h - 2 scrolls of remove curse
Comestibles
 f - 3 bread rations
 k - a slice of pizza


   Skills:
 + Level 2.7 Fighting
 - Level 1.0 Short Blades
 + Level 5.3 Dodging
 - Level 1.2 Stealth
 + Level 1.9 Invocations
 - Level 3.2 Evocations


You had 4 spell levels left.
You didn't know any spells.

Dungeon Overview and Level Annotations

Branches:
Dungeon (4/15)
 Temple: D:4-7

Altars:
Okawaru


Message History

MOVING TO (0,2) Unknown command.
Unknown command.
Unknown command.
MOVING TO (0,1)
You feel sick.
Unknown command.
Unknown command.
Unknown command.
MOVING TO (-2,1) Unknown command.
Unknown command.
Unknown command.
MOVING TO (-1,1) Unknown command.
Unknown command.
Unknown command.
ATTACKING (1,-1)
You swing at nothing.
You die...

.........'#####..........#
...##....................#
##.##....................#
..##.......>..#........##
#..##..........#........#
...............#........#
.(.............#...######
.............#...#
.....#.######e..# ..#.#
##### #.


There were no monsters in sight!

Table legend:
 A = Turns spent in this place as a percentage of turns spent in the entire game.
 B = Non-inter-level travel turns spent in this place as a percentage of non-inter-level travel turns spent in the entire game.
 C = Inter-level travel turns spent in this place as a percentage of turns spent in this place.
 D = Turns resting spent in this place as a percentage of non-inter-level travel turns spent in this place.
 E = Turns spent auto-exploring this place as a percentage of non-inter-level travel turns spent in this place.
 F = Non-inter-level travel turns spent in this place divided by the number of levels of this place that you've seen.
                   A       B       C       D       E      F
               +-------+-------+-------+-------+-------+----------------------
         Total | 100.0 | 100.0 |   0.4 |   1.6 |   1.9 | 1585.2
       Dungeon | 100.0 | 100.0 |   0.4 |   1.6 |   1.9 | 1585.2
               +-------+-------+-------+-------+-------+----------------------

Table legend:
 A = Kills in this place as a percentage of kills in entire the game.
 B = Kills by you in this place as a percentage of kills by you in the entire game.
 C = Kills by friends in this place as a percentage of kills by friends in the entire game.
 D = Other kills in this place as a percentage of other kills in the entire game.
 E = Experience gained in this place as a percentage of experience gained in the entire game.
 F = Experience gained in this place divided by the number of levels of this place that you have seen.
                   A       B       C       D       E      F
               +-------+-------+-------+-------+-------+----------------------
         Total | 100.0 | 100.0 | 100.0 |  -nan | 100.0 |  76.2
       Dungeon | 100.0 | 100.0 | 100.0 |  -nan | 100.0 |  76.2
               +-------+-------+-------+-------+-------+----------------------

Vanquished Creatures
  A centaur zombie (D:3)
  A worker ant (D:4)
  2 gnolls (D:2)
  5 adders
  2 giant mites (D:3)
  2 worms
  An adder zombie (D:2)
  A giant gecko (D:2)
  An ooze (D:2)
  3 orcs (D:3)
  A bat skeleton (D:4)
  2 giant cockroaches
  10 hobgoblins
  3 jackals
  A quokka (D:3)
  5 bats
  8 giant newts
  9 goblins
  6 kobolds
  9 rats
73 creatures vanquished.

Vanquished Creatures (collateral kills)
  A giant cockroach (D:2)
  A quokka skeleton (D:2)
2 creatures vanquished.

Grand Total: 75 creatures vanquished

Notes
Turn   | Place    | Note
--------------------------------------------------------------
     0 | D:1      | gw, the Deep Elf Artificer, began the quest for the Orb.
     0 | D:1      | Reached XP level 1. HP: 11/11 MP: 2/2
   338 | D:1      | Reached skill level 1 in Fighting
   661 | D:1      | Reached XP level 2. HP: 14/16 MP: 5/5
   822 | D:1      | You fall through a shaft!
  1216 | D:2      | Reached XP level 3. HP: 21/21 MP: 7/7
  1381 | D:2      | Reached skill level 4 in Dodging
  1529 | D:2      | Reached XP level 4. HP: 18/26 MP: 10/10
  1887 | D:2      | Found an iron altar of Okawaru.
  2067 | D:2      | Became a worshipper of Warmaster Okawaru
  2689 | D:3      | Reached skill level 1 in Invocations
  3028 | D:3      | Reached XP level 5. HP: 28/31 MP: 12/12
  3455 | D:3      | Reached skill level 5 in Dodging
  4340 | D:4      | HP: 1/31 [poisoned by a worker ant]
  4343 | D:4      | Succumbed to a worker ant's poison

Action                   |  1- 3 |  4- 6 || total
-------------------------+-------+-------++-------
Melee: Short sword       |   114 |   246 ||   360
Evoke: Wand              |    15 |       ||    15
  Use: Potion            |       |     8 ||     8
       Scroll            |       |     7 ||     7
  Eat: Chunk             |     2 |    10 ||    12

Vault maps used:
D:1:      mrwooster_arrival_statue_2
D:2:      overflow_temple_1_default, serial_undead, serial_undead_b,
          serial_undead_c, serial_undead_f, serial_undead_c, minivault_5
D:4:      grunt_temple_overflow_forces_of_nature, kennysheep_little_box,
          first_bread, minmay_goblin_kobold_house
